 Dungeon Crawl Stone Soup version 0.29.0-13-gc9e81de378 (webtiles) character file.

Game seed: 9113399334745914782

14 H0rd4k the Charlatan (level 2, 0/21 HPs)
             Began as a Human Artificer on Sept 8, 2022.
             Slain by a gnoll
             ... wielding a +0 flail
              (8 damage)
             ... on level 1 of the Dungeon.
             The game lasted 00:00:36 (1068 turns).

H0rd4k the Charlatan (Human Artificer)              Turns: 1068, Time: 00:00:36

Health: 0/21       AC:  3    Str: 12    XL:     2   Next: 60%
Magic:  2/2        EV: 11    Int: 11    God:
Gold:   37         SH:  0    Dex: 13    Spells: 1/1 levels left

rFire   . . .      SeeInvis .   a - +0 club
rCold   . . .      Faith    .   (no shield)
rNeg    . . .      Spirit   .   b - +0 leather armour
rPois   .          Reflect  .   (no helmet)
rElec   .          Harm     .   (no cloak)
rCorr   .          Rampage  .   (no gloves)
Will    .....                   (no boots)
Stlth   +.........              (no amulet)
HPRegen 0.07/turn               (no ring)
MPRegen 0.08/turn               (no ring)

@: no status effects
A: no striking features
a: no special abilities


You were on level 1 of the Dungeon.
You visited 1 branch of the dungeon, and saw 1 of its levels.

You collected 37 gold pieces.

Inventory:

Hand Weapons
 a - a +0 club (weapon)
Armour
 b - a +0 leather armour (worn)
Wands
 c - a wand of flame (14) (quivered)
 d - a wand of charming (15)
 e - a wand of iceblast (5)
Scrolls
 f - a scroll of vulnerability {unknown}
 g - a scroll of poison {unknown}


   Skills:
 + Level 1.3 Fighting
 + Level 0.8 Maces & Flails
 - Level 2.0 Armour
 + Level 1.9 Dodging
 - Level 1.0 Stealth
 - Level 3.0 Evocations


You had one spell level left.
You didn't know any spells.
Your spell library was empty.

Dungeon Overview and Level Annotations

Branches:
Dungeon (1/15)

Altars:


Message History

The quokka bites you. x2
You completely miss the quokka.
The quokka is severely wounded.
The quokka misses you.
You hit the quokka.
You kill the quokka!
Things that are here:
a +0 club; a quokka corpse; a goblin corpse Key pressed, stopping explore.
No target in view!
A ball python comes into view.
The ball python barely misses you. The ball python grabs you.
The ball python constricts you.
A ball python is nearby!
You completely miss the ball python. The ball python bites you.
The ball python constricts you.
You hit the ball python.
The ball python is moderately wounded.
The ball python barely misses you. The ball python constricts you.
You hit the ball python.
You kill the ball python!
No target in view!
Things that are here:
a +0 club; a quokka corpse; a goblin corpse A gnoll comes into view.
It is wielding a +0 flail.
The gnoll shouts!
The gnoll hits you with a +0 flail!
A gnoll is nearby!
You barely miss the gnoll. The gnoll barely misses you. x2
A gnoll is nearby!
You closely miss the gnoll. The gnoll hits you with a +0 flail.
You are too injured to fight recklessly!
You are too injured to fight recklessly!
Aiming: Throw Flame
Press: ? - help, Shift-Dir - straight line, f - gnoll
Aim: a gnoll, wielding a +0 flail (75% to hit)
The puff of flame hits the gnoll!
The gnoll is almost dead.
The gnoll hits you with a +0 flail!
You die...

#......# #.# #..
###########.# ###
#...........#
#.##...######
#.##.......#######
#.#....###.#.....#
#.#..#.###.###..##
#g#.....).......#
#@##.#...#.####.#
#....###.#.#....#
###### #.#.##.###
#.#.##.# #...##.#
#.###### ###


You could see a gnoll.

Vanquished Creatures
  A giant cockroach (D:1)
  4 goblins (D:1)
  A hobgoblin (D:1)
  A quokka (D:1)
  3 ball pythons (D:1)
  2 bats (D:1)
  A frilled lizard (D:1)
13 creatures vanquished.

Notes
Turn   | Place    | Note
-------+----------+-------------------------------------------
     0 | D:1      | H0rd4k the Human Artificer began the quest for the Orb.
     0 | D:1      | Reached XP level 1. HP: 15/15 MP: 1/1
    43 | D:1      | Found a faded altar of an unknown god.
   720 | D:1      | Reached XP level 2. HP: 21/21 MP: 2/2
  1068 | D:1      | Slain by a gnoll

Illustrated notes

Levels and vault maps discovered:
D:1:      shiori_arrival_elements, layout_basic, basic_ecumenical_altar,
          hangedman_decor_points, minmay_crystal_room, minivault_23

Action                   || total
-------------------------++-------
Melee: Club              ||    57
Evoke: Wand              ||     1
 Stab: Sleeping          ||     1
Armor: Leather armour    ||    16
Dodge: Dodged            ||    34
